 Dungeon Crawl Stone Soup version 0.28-a0-589-g333b8329f1 (webtiles) character file.

Game seed: 14897418117100116726

58 tilp the Conjurer (level 3, 15/15 HPs)
             Began as a Felid Hedge Wizard on Oct 3, 2021.
             Quit the game on level 3 of the Dungeon.
             The game lasted 00:04:17 (3378 turns).

tilp the Conjurer (Felid Hedge Wizard)              Turns: 3378, Time: 00:04:17

Health: 15/15      AC:  1    Str:  6    XL:     3   Next: 75%
Magic:  8/8        EV: 17    Int: 16    God:
Gold:   136        SH:  0    Dex: 15    Spells: 1/8 levels left
                                        Lives:  0   Deaths: 1

rFire   . . .      SeeInvis +   (weapon unavailable)
rCold   . . .      Faith    .   (shield unavailable)
rNeg    . . .      Spirit   .   (armour unavailable)
rPois   .          Reflect  .   (helmet unavailable)
rElec   .          Harm     .   (cloak unavailable)
rCorr   .          Rampage  .   (gloves unavailable)
Will    .....                   (boots unavailable)
Stlth   ++........              (no amulet)
HPRegen 0.05/turn               (no ring)
MPRegen 0.11/turn               (no ring)

@: quick
A: very small, claws 1, fangs 3, see invisible, speed 1, shaggy fur 1, stealthy
paws, no weapons or thrown items, no armour, multi-lived
a: no special abilities


You were on level 3 of the Dungeon.
You visited 1 branch of the dungeon, and saw 3 of its levels.

You collected 136 gold pieces.

Inventory:

Wands
 b - a wand of paralysis (12)
Potions
 d - a potion of ambrosia


   Skills:
 + Level 1.1 Fighting
 - Level 2.6 Dodging
 - Level 2.6 Stealth
 + Level 0.3 Unarmed Combat
 - Level 3.0 Spellcasting
 - Level 4.0 Conjurations
 - Level 1.0 Summonings
 - Level 1.5 Translocations


You had one spell level left.
You knew the following spells:

 Your Spells              Type           Power      Damage    Failure   Level
a - Magic Dart            Conj           60%        1d6       3%          1
b - Call Imp              Summ           5%         N/A       19%         2
c - Blink                 Tloc           N/A        N/A       16%         2
d - Slow                  Hex            2%         N/A       28%         2

Your spell library contained the following spells:

 Spells                   Type           Power      Damage    Failure   Level
 Conjure Flame            Conj/Fire      8%         6-21      24%         3
 Mephitic Cloud           Conj/Pois/Air  6%         N/A       32%         3


Dungeon Overview and Level Annotations

Branches:
Dungeon (3/15)

Altars:

Annotations:
D:3 1 runed translucent door, Crazy Yiuf, Robin


Innate Abilities, Weirdness & Mutations

You have sharp claws.
You have razor-sharp teeth.
You have supernaturally acute eyesight. (SInv)
You cover ground quickly. (Speed+)
You are covered in fur. (AC +1)
Your paws help you pounce on unaware monsters.
You are incapable of wielding weapons or throwing items.
You cannot wear armour.
You gain extra lives every three experience levels.


Message History

Robin roars a battlecry!
Your crimson imp barely misses the goblin.
Casting: Magic Dart (safe; 3% risk of failure)
Confirm with . or Enter, or press ? or * to list all spells.
Aiming: Magic Dart (safe; 3% risk of failure)
Press: ? - help, Shift-Dir - straight line, f/p - Robin
Aim: Robin, wielding a +0 spear, wearing a +0 animal skin and wearing a +0 helmet (moderately wounded, 100% to hit)
The magic dart hits Robin.
Robin is severely wounded.
The goblin closely misses your crimson imp.
Robin says, "A pitiful Cat like you will never find the ORB!"
Robin throws the goblin at you!
You closely miss the goblin. The goblin hits you with a +0 club.
Robin hits you from afar with a +0 spear.
You barely miss the goblin. You bite the goblin.
The goblin is moderately wounded.
The goblin hits you with a +0 club.
* * * LOW HITPOINT WARNING * * *
Robin misses you.
Your crimson imp blinks!
You scratch the goblin.
The goblin is heavily wounded.
The goblin barely misses you. Robin misses you.
A hobgoblin comes into view.
Your crimson imp barely misses the goblin.
You barely miss the goblin.
The goblin is heavily wounded.
The goblin hits you with a +0 club.
* * * LOW HITPOINT WARNING * * *
Robin closely misses you. The hobgoblin hits you.
You die...
Your crimson imp hits the goblin.
The goblin dies!
You are now level 3!
You rejoin the land of the living...
Unknown command.
Unknown command.
Unknown command.
Unknown command.
Are you sure you want to abandon this character and quit the game? (Confirm with "yes".)

#####[..#.#
##..#.###### ###
##.........#### #)g
#......#......####
#..
##.......#.......#
..
###.#####†##.##.###
#+
#(#####.##....[.#
.♣♣
#.......#####.#.#
♣.♣
##....@......<#.#
♣.♣♣ #.....########
# ♣♣.♣ #.....#
♣♣.♣♣ #.....#
♣♣...♣ #.....# ##
♣....♣ #.....### #.
.# #....# #.......#
#. #.# #+..+##
#####..###.# #.#
#.# #.....#
#.......# .# #..
#.#


There were no monsters in sight!

Vanquished Creatures
  Jessica (D:2)
  2 adders (D:2)
  A gnoll (D:2)
  A dart slug (D:1)
  9 endoplasms
  A giant cockroach (D:2)
  10 goblins
  5 hobgoblins
  A jackal (D:3)
  5 kobolds
  A quokka (D:1)
  8 ball pythons
  2 bats (D:2)
  5 frilled lizards
  4 rats
56 creatures vanquished.

Vanquished Creatures (collateral kills)
  A goblin (D:3)
  A quokka (D:2)
2 creatures vanquished.

Vanquished Creatures (others)
  5 fungi (D:3)
  A plant (D:3)
6 creatures vanquished.

Grand Total: 64 creatures vanquished

Notes
Turn   | Place    | Note
-------+----------+-------------------------------------------
     0 | D:1      | tilp the Felid Hedge Wizard began the quest for the Orb.
     0 | D:1      | Reached XP level 1. HP: 7/7 MP: 5/5
    11 | D:1      | Reached skill level 1 in Conjurations
   433 | D:1      | Reached XP level 2. HP: 11/11 MP: 5/7
   436 | D:1      | Learned a level 2 spell: Call Imp
   439 | D:1      | Learned a level 2 spell: Blink
   442 | D:1      | Learned a level 2 spell: Slow
   462 | D:1      | Reached skill level 2 in Conjurations
  1177 | D:1      | Reached XP level 3. HP: 14/14 MP: 6/8
  1769 | D:2      | Reached skill level 3 in Conjurations
  2278 | D:2      | Found a faded altar of an unknown god.
  2498 | D:2      | Reached XP level 4. HP: 15/18 MP: 3/9
  2687 | D:2      | Noticed Jessica
  2722 | D:2      | Killed Jessica
  2723 | D:2      | Reached skill level 4 in Conjurations
  2725 | D:2      | Reached skill level 1 in Fighting
  3347 | D:3      | Found a runed translucent door.
  3348 | D:3      | Noticed Crazy Yiuf
  3361 | D:3      | Noticed Robin
  3376 | D:3      | Slain by a hobgoblin
  3377 | D:3      | Reached XP level 3. HP: -3/15 MP: 0/8
  3378 | D:3      | Quit the game

Illustrated notes

Levels and vault maps discovered:
D:1:      saegor_arrival_simple_d, layout_loops_corners
D:2:      layout_basic, hellmonk_ecumenical_altar_pennies_from_heaven,
          minmay_misc_feat_plants, st_stairs_14, amcnicky_mini_corridor_feature,
          kennysheep_jessica_study
D:3:      layout_loops_cross, mainiacjoe_overflow_boulevard, dk_xom_monty_hall,
          portal_sewer_entry_e, uniq_ijyb, uniq_crazy_yiuf_cottage, uniq_robin

Skill      XL: |  1  2  3  4 |
---------------+-------------+-----
Conjurations   | 1 2 3 4 |  4.0
Fighting       | 1 |  1.1
Dodging        | |  2.6
Stealth        | |  2.6
Unarmed Combat | |  0.3
Spellcasting   | |  3.0
Summonings     | |  1.0
Translocations | |  1.5

Action                   |  1- 3 |  4- 6 || total
-------------------------+-------+-------++-------
Melee: Unarmed           |     2 |     7 ||     9
       Bite              |       |     1 ||     1
 Cast: Magic Dart        |   109 |    23 ||   132
       Call Imp          |     1 |     3 ||     4
  Use: Scroll            |     4 |     1 ||     5
       Potion            |     2 |       ||     2
 Stab: Sleeping          |     1 |       ||     1
Armor: Skin              |     7 |     4 ||    11
Dodge: Dodged            |     7 |     7 ||    14

Table legend: (Time is in decaauts)
 A = Elapsed time spent in this place.
 B = Non-inter-level travel time spent in this place.
 C = Inter-level travel time spent in this place.
 D = Time resting spent in this place.
 E = Time spent auto-exploring this place.
 F = Levels seen in this place.
 G = Mean time per level.
                   A        B        C        D        E       F      G
               +--------+--------+--------+--------+--------+-----+--------+
         Total |   3030 |   2939 |     91 |    197 |   2417 |   3 | 1010.0 |
       Dungeon |   3030 |   2939 |     91 |    197 |   2417 |   3 | 1010.0 |
               +--------+--------+--------+--------+--------+-----+--------+

Top non-repeatable levels by time:
     D:2: 1582 daAuts
     D:1: 1346 daAuts
     D:3: 101 daAuts
